 Dungeon Crawl Stone Soup version 0.26.1-11-gd32895ea62 (webtiles) character file.

Game seed: 5747315649050096555

890 jlumianski the Caller (level 7, 0/30 HPs)
             Began as a Felid Summoner on May 28, 2021.
             Engulfed by a steam dragon's steam (5 damage)
             ... on level 6 of the Dungeon.
             The game lasted 00:53:57 (11145 turns).

jlumianski the Caller (Felid Summoner)             Turns: 11145, Time: 00:53:58

Health: 0/30       AC:  2    Str: 10    XL:     7   Next: 77%
Magic:  6/16       EV: 24    Int: 18    God:
Gold:   352        SH:  0    Dex: 17    Spells: 6/16 levels left
                                        Lives:  0   Deaths: 2

rFire    . . .     SeeInvis +     - Unarmed
rCold    . . .     Faith    .   (shield unavailable)
rNeg     . . .     Spirit   .   (armour unavailable)
rPois    .         Reflect  .   (helmet unavailable)
rElec    .         Harm     .   (cloak unavailable)
rCorr    .         Rampage  .   (gloves unavailable)
Will     +....                  (boots unavailable)
Stlth    ++++......             (no amulet)
HPRegen  0.10/turn              m - +6 ring of strength
MPRegen  0.15/turn              t - +4 ring of evasion

@: quick
A: very small, no armour, no weapons or thrown items, stealth, claws 1, fangs 3,
see invisible, speed 1, shaggy fur 2, sharp paws
a: no special abilities


You were on level 6 of the Dungeon.
You visited 1 branch of the dungeon, and saw 6 of its levels.

You collected 352 gold pieces.

Inventory:

Jewellery
 h - a cursed ring of teleportation
 m - a +6 ring of strength (left paw)
 n - an uncursed ring of protection from cold
 q - a cursed -4 ring of dexterity
 t - a +4 ring of evasion (right paw)
Wands
 c - a wand of digging (4)
 g - a wand of iceblast (14)
Scrolls
 a - a scroll of remove curse
 d - 4 scrolls of identify
 e - a scroll of enchant armour
 f - a scroll of random uselessness {unknown}
 i - 2 scrolls of teleportation
 k - a scroll of fog
 l - a scroll of enchant weapon
 p - 2 scrolls of immolation {unknown}
 r - a scroll of amnesia
 u - a scroll of silence {unknown}
 v - a scroll of torment {unknown}
Potions
 b - 2 potions of brilliance
 j - a potion of ambrosia {unknown}
 o - a potion of lignification
 s - a potion of resistance {unknown}
 w - a potion of mutation {unknown}
 x - a potion of flight
 z - a potion of curing


   Skills:
 + Level 2.0 Fighting
 + Level 5.2 Dodging
 + Level 5.5 Stealth
 + Level 2.5 Unarmed Combat
 + Level 5.3 Spellcasting
 + Level 1.7 Conjurations
 + Level 3.9 Hexes
 + Level 7.1 Summonings
 + Level 2.0 Necromancy
 + Level 3.0 Translocations
 + Level 2.4 Transmutations
 + Level 2.1 Fire Magic
 + Level 1.7 Ice Magic
 + Level 2.3 Air Magic
 + Level 1.7 Earth Magic
 + Level 1.7 Poison Magic
 + Level 2.0 Invocations
 + Level 2.1 Evocations


You had 6 spell levels left.
You knew the following spells:

 Your Spells              Type           Power        Failure   Level
a - Summon Small Mammal   Summ           100%         1%          1
b - Call Imp              Summ           30%          1%          2
c - Call Canine Familiar  Summ           30%          1%          3
d - Summon Guardian Gole  Hex/Summ       24%          4%          3
e - Animate Skeleton      Necr           24%          5%          1

Your spell library contained the following spells:

 Spells                   Type           Power        Failure   Level
 Corona                   Hex            20%          2%          1
 Apportation              Tloc           30%          3%          1
 Summon Lightning Spire   Summ/Air       21%          19%         4
 Summon Ice Beast         Ice/Summ       20%          21%         4


Dungeon Overview and Level Annotations

Branches:
Dungeon (6/15)
 Temple: D:4-7

Altars:
Gozag
Kikubaaqudgha
Qazlal
Trog
The Shining One

Annotations:
D:6 2 transporters, Gorgoleon's ghost, novice OgFE


Innate Abilities, Weirdness & Mutations

You cannot wear armour.
You are incapable of wielding weapons or throwing items.
Your paws allow you to move quietly. (Stealth)
You have sharp claws.
You have razor-sharp teeth.
You have supernaturally acute eyesight. (SInv)
You cover ground quickly.
You are covered in thick fur. (AC +2)
Your sharp claws are effective at attacking unaware monsters.


Message History

Orders for allies: a - Attack new target. r - Retreat! s - Stop attacking. g - Guard the area. f - Follow me.
Anything else - Cancel.
Gang up on whom?
Press: ? - help, Dir - move target, f - wight
Aim: a wight, wielding a +1 hand axe and wearing a +0 robe Attack!
The steam dragon bites your guardian golem but does no damage.
The steam dragon claws your guardian golem.
The steam dragon breathes steam at your guardian golem.
The ball of steam hits your guardian golem.
Your guardian golem resists.
The ball of steam misses your crimson imp.
The ball of steam hits you!!
Ouch! That really hurt!
You are engulfed in a cloud of scalding steam.
* * * LOW HITPOINT WARNING * * *
You are engulfed in a cloud of scalding steam.
You die...

###########
#.........#
#######.........###
#§@.....)......)...
#§#####.........###
#.. #5# ###########
##...##§#####
.......8z...#
##.....D....#####
#....§..........#
#.........§.....#
#...............#


You could see a friendly crimson imp (summoned, sheltered).

Vanquished Creatures
  A wolf (D:5)
  2 centaurs
  A bullfrog (D:6)
  An iguana (D:5)
  An adder (D:1)
  An ufetubus (D:6)
  A worm (D:3)
  2 leopard geckos
  An orc (D:3)
  A ball python (D:2)
  A giant cockroach (D:3)
  A goblin (D:1)
  2 hobgoblins
  A jackal (D:5)
  A kobold (D:2)
  3 frilled lizards
  A quokka skeleton (D:5)
  4 rats
26 creatures vanquished.

Vanquished Creatures (collateral kills)
  A phantom (D:2)
  A wolf (D:5)
  4 gnoll sergeants (D:5)
  A scorpion (D:4)
  2 wights (D:6)
  A howler monkey (D:6)
  A jelly (D:5)
  A bullfrog skeleton (D:4)
  2 gnoll shamans (D:5)
  13 hounds
  A centaur skeleton (D:6)
  An iguana (D:6)
  An orc wizard (D:4)
  2 worker ants (D:5)
  Terence (D:3)
  8 adders
  26 gnolls (D:5)
  A white imp (D:5)
  An ufetubus (D:5)
  2 oozes
  An adder skeleton (D:4)
  2 worms (D:2)
  2 dart slugs (D:1)
  4 leopard geckos
  20 orcs
  3 giant cockroaches
  4 goblins
  5 hobgoblins
  14 jackals
  A quokka (D:2)
  7 bats
  8 kobolds
  2 quokka skeletons
  6 rats
150 creatures vanquished.

Vanquished Creatures (others)
  Grum (D:5)
  2 wolves (D:5)
  A wight (D:4)
  A gnoll (D:5)
  An adder (D:6)
  6 fungi (D:6)
12 creatures vanquished.

Grand Total: 188 creatures vanquished

Notes
Turn   | Place    | Note
-------+----------+-------------------------------------------
     0 | D:1      | jlumianski the Felid Summoner began the quest for the Orb.
     0 | D:1      | Reached XP level 1. HP: 7/7 MP: 4/4
   483 | D:1      | Reached XP level 2. HP: 11/11 MP: 0/6
   486 | D:1      | Learned a level 2 spell: Call Imp
  1754 | D:2      | Reached XP level 3. HP: 14/14 MP: 0/7
  1762 | D:1      | Reached skill level 5 in Stealth
  1762 | D:1      | Reached skill level 1 in Conjurations
  1762 | D:1      | Reached skill level 5 in Summonings
  1762 | D:1      | Reached skill level 1 in Ice Magic
  1762 | D:1      | Reached skill level 1 in Earth Magic
  1762 | D:1      | Reached skill level 1 in Poison Magic
  1762 | D:1      | Reached XP level 4. HP: 11/19 MP: 0/9
  1776 | D:1      | HP: 1/28 [poisoned by an adder]
  1779 | D:1      | Slain by an adder
  1780 | D:1      | Reached XP level 3. HP: 0/24 MP: 1/8
  1885 | D:1      | Learned a level 3 spell: Call Canine Familiar
  2464 | D:2      | Found a glowing golden altar of the Shining One.
  2547 | D:2      | Noticed a phantom
  2572 | D:2      | Killed a phantom
  2573 | D:2      | Reached XP level 4. HP: 10/19 MP: 3/10
  3076 | D:3      | Found a stormy altar of Qazlal.
  3685 | D:3      | Noticed Terence
  3747 | D:3      | Killed Terence
  3748 | D:3      | Reached XP level 5. HP: 22/22 MP: 1/11
  4225 | D:3      | Found an ancient bone altar of Kikubaaqudgha.
  4228 | D:3      | Found a bloodstained altar of Trog.
  6070 | D:5      | Entered Level 5 of the Dungeon
  6089 | D:5      | Gained mutation: You are covered in thick fur. (AC +2)
                  | [Felid growth]
  6089 | D:5      | Reached XP level 6. HP: 19/26 MP: 2/12
  6093 | D:5      | Learned a level 3 spell: Summon Guardian Golem
  7539 | D:5      | Reached skill level 5 in Dodging
  7539 | D:5      | Reached XP level 7. HP: 11/30 MP: 11/14
  8612 | D:5      | Noticed Grum
  8659 | D:5      | Killed Grum
  8660 | D:5      | Reached skill level 6 in Summonings
  9111 | D:5      | Reached XP level 8. HP: 33/33 MP: 4/16
  9367 | D:5      | Reached skill level 5 in Spellcasting
  9576 | D:5      | Slain by a wolf
  9577 | D:5      | Reached XP level 7. HP: -3/30 MP: 12/15
 10518 | D:6      | Found an opulent altar of Gozag.
 10670 | D:6      | Found a transporter.
 10717 | D:6      | Found a transporter.
 10718 | D:6      | Noticed Gorgoleon's ghost (novice OgFE)
 10745 | D:6      | Noticed a queen bee
 10878 | D:6      | Learned a level 1 spell: Animate Skeleton
 11010 | D:6      | Reached skill level 7 in Summonings
 11127 | D:6      | Noticed a steam dragon
 11145 | D:6      | Engulfed by a steam dragon's steam

Illustrated notes

Levels and vault maps discovered:
D:1:      sevenhm_arrival_forest_fort_large_2, layout_loops_ring,
          serial_park_tiny_2, minmay_misc_feat_room
D:2:      layout_loops_ring, nicolae_overflow_hidden_temple
D:3:      layout_basic, nicolae_qazlal_general_emergency,
          gammafunk_temple_overflow_pools, uniq_terence
D:4:      layout_basic
D:5:      layout_cave_pools, serial_gnoll_camp, gnoll_camp_medium_01,
          grums_kennel, gnoll_camp_mini_house, gnoll_camp_mini_doghouse,
          gnoll_camp_mini_loothouse, gnoll_camp_huts_moat, dk_noncrumbling_3,
          grunt_ministairs_5
D:6:      kennysheep_steamy, layout_basic, basic_altar, gammafunk_ghost_hive,
          minmay_misc_feat_iff, kennysheep_generic_room_3

Skill      XL: |  1  2  3  4  5  6  7  8 |
---------------+-------------------------+-----
Dodging        | 3 4 5 |  5.2
Stealth        | 3 5 |  5.5
Fighting       | 2 |  2.0
Unarmed Combat | 2 |  2.5
Spellcasting   | 3 4 5 |  5.3
Conjurations   | 1 |  1.7
Hexes          | 3 |  3.9
Summonings     | 5 7 |  7.1
Necromancy     | 2 |  2.0
Translocations | 3 |  3.0
Transmutations | 2 |  2.4
Fire Magic     | 2 |  2.1
Ice Magic      | 1 |  1.7
Air Magic      | 2 |  2.3
Earth Magic    | 1 |  1.7
Poison Magic   | 1 |  1.7
Invocations    | 2 |  2.0
Evocations     | 2 |  2.1

Action                   |  1- 3 |  4- 6 |  7- 9 || total
-------------------------+-------+-------+-------++-------
Melee: Unarmed           |    22 |    55 |    30 ||   107
       Bite              |     3 |     7 |     6 ||    16
       Punch             |       |     1 |     2 ||     3
 Cast: Summon Small Mamm |    64 |    48 |    26 ||   138
       Call Imp          |    22 |    62 |    45 ||   129
       Call Canine Famil |     5 |    25 |    30 ||    60
       Summon Guardian G |       |       |    26 ||    26
       Animate Skeleton  |       |       |     1 ||     1
  Use: Scroll            |     2 |    10 |       ||    12
       Potion            |     1 |     4 |     1 ||     6
 Stab: Sleeping          |     5 |     8 |     1 ||    14
       Distracted        |     1 |       |     1 ||     2
Armor: Skin              |     2 |    29 |     3 ||    34
Dodge: Dodged            |    54 |   109 |    82 ||   245
